 Dungeon Crawl Stone Soup version 0.22.0-75-g3901e79 (webtiles) character file.

17690 rlgrobin the Protected (level 12, -10/112 HPs)
             Began as a Minotaur Fighter on Sept 8, 2018.
             Was a Priest of the Shining One.
             Mangled by a sun demon (17 damage)
             ... led by a balrug
             ... on level 1 of the Abyss on Sept 15, 2018.
             The game lasted 01:04:36 (10233 turns).

rlgrobin the Protected (Minotaur Fighter)          Turns: 10233, Time: 01:04:38

Health: -10/112    AC: 27    Str: 27    XL:     12   Next: 21%
Magic:  11/11      EV:  8    Int:  5    God:    the Shining One [***...]
Gold:   686        SH:  0    Dex: 15    Spells: 11/11 levels left

rFire    . . .     SeeInvis .   u - +1 battleaxe
rCold    . . .     Gourm    .   (shield currently unavailable)
rNeg     + . .     Faith    .   w - +2 plate armour
rPois    +         Spirit   .   (helmet restricted)
rElec    .         Reflect  .   C - +2 cloak
rCorr    .         Harm     .   x - +2 pair of gloves
MR       .....                  s - +1 pair of boots
Stlth    ..........             q - amulet of the acrobat
HPRegen  0.28/turn              E - ring of Freedom {Wiz rPois Dex+3}
MPRegen  0.12/turn              F - +3 ring of strength

@: lethally poisoned (-10 -> -12), glowing
A: retaliatory headbutt, horns 2
a: Divine Shield, Renounce Religion


You were on level 1 of the Abyss.
You worshipped the Shining One.
The Shining One was most pleased with you.
You were not hungry.

You visited 2 branches of the dungeon, and saw 13 of its levels.
You visited the Abyss 1 time.

You collected 686 gold pieces.


Innate Abilities, Weirdness & Mutations

You reflexively headbutt those who attack you in melee.
You have a pair of horns on your head.


   Skills:
 + Level 12.2 Fighting
 + Level 12.0 Axes
 + Level 3.8 Throwing
 + Level 12.2 Armour
 - Level 11.9 Shields


You had 11 spell levels left.
You didn't know any spells.
Your spell library contained the following spells:

 Spells                   Type           Power        Failure   Level  Hunger
 Animate Skeleton         Necr           N/A          82%         1    ##.....
 Apportation              Tloc           #.....       82%         1    ##.....
 Confusing Touch          Hex            #.....       82%         1    ##.....
 Magic Dart               Conj           #...         82%         1    ##.....
 Sandblast                Erth           #.....       82%         1    ##.....
 Summon Small Mammal      Summ           #...         82%         1    ##.....
 Blink                    Tloc           N/A          91%         2    ###....
 Call Imp                 Summ           #.......     91%         2    ###....
 Passwall                 Tmut/Erth      #.......     91%         2    ###....
 Slow                     Hex            #.......     91%         2    ###....
 Conjure Flame            Conj/Fire      #.......     99%         3    ####...
 Mephitic Cloud           Conj/Pois/Air  #.......     99%         3    ####...
 Stone Arrow              Conj/Erth      #.....       99%         3    ####...
 Petrify                  Tmut/Erth      #.......     100%        4    #####..
 Lee's Rapid Deconstruct  Erth           #.........   100%        5    ######.

Inventory:

Hand Weapons
 l - a +1 war axe of chopping
 u - a +1 battleaxe (weapon)
 I - a +3 hand axe of flaming
Missiles
 H - 2 tomahawks (quivered)
Armour
 c - a +0 shield
 s - a +1 pair of boots (worn)
 w - a +2 plate armour (worn)
 x - a +2 pair of gloves (worn)
 C - a +2 cloak (worn)
 D - a +1 pair of gloves
Jewellery
 a - a +1 ring of protection
 h - an uncursed ring of magical power
 i - a +3 ring of evasion
 q - an amulet of the acrobat (around neck)
 r - a +5 ring of dexterity {unknown}
 A - a cursed ring of attention {unknown}
 E - the ring of Freedom (left hand) {Wiz rPois Dex+3}

   [ring of wizardry]

   It improves your spell success rate.
   It affects your dexterity (+3).
   It protects you from poison.
 F - a +3 ring of strength (right hand)
Wands
 v - a wand of digging (28)
 z - a wand of acid (16)
 G - a wand of clouds (5)
Scrolls
 j - 3 scrolls of magic mapping
 n - 2 scrolls of remove curse
 o - 2 scrolls of fear
 p - 4 scrolls of teleportation {@r4}
 t - a scroll of noise {!r}
 y - 2 scrolls of amnesia
 B - 3 scrolls of blinking
Potions
 b - 2 potions of lignification {unknown}
 d - 4 potions of might
 e - a potion of berserk rage {!q}
 g - a potion of magic
 k - 4 potions of mutation {!q}
 m - 3 potions of curing {@q1}
 J - a potion of resistance
Comestibles
 f - 19 rations

Dungeon Overview and Level Annotations

Branches:
Dungeon (12/15)            Temple (1/1) D:5            Lair (0/6) D:8
    Orc (0/2) D:9

Altars:
Ashenzari
Cheibriados
Dithmenos
Elyvilon
Fedhas
Gozag
Hepliaklqana
Kikubaaqudgha
Makhleb
Nemelex Xobeh
Okawaru
Qazlal
Ru
Sif Muna
Trog
Uskayaw
Vehumet
Wu Jian
Xom
Yredelemnul
Zin
The Shining One

Shops:
D:8 =

Annotations:
D:12 Sonja

▒.▒ ▒ .▒▒
...▒▒▒...▒▒▒▒
..▒.... ▒.▒ ▒
...........
▒.... ▒ ▒...
. ▒▒.▒▒ ...
▒▒...▒▒▒ ...
.▒..2H.▒
.(.(((3.....▒
▒▒▒.▒▒..▒▒▒▒▒
▒▒ ▒▒.▒ ▒▒▒


You could see a balrug and a sun demon.


Message History

You are covered in liquid flames!!!
The balrug barely misses you! You furiously retaliate!!!
You headbutt the balrug!!!
You take 8 damage, and have 73/112 hp!
You slice the balrug like a ripe choko!
The balrug is moderately wounded!
You are covered in liquid flames!!!
The balrug hits you but does no damage!
You take 4 damage, and have 69/112 hp!
You open the balrug like a pillowcase! You headbutt the balrug!!!
The balrug is heavily wounded!
You are covered in liquid flames!!!
The balrug hits you with a demon whip of venom!
You are engulfed in flames!!!!!! * * * don't die
* * * You are poisoned!
The balrug gestures at you!
The bolt of fire hits you!!! * * * don't die
* * * The sun demon hits you but does no damage!
You take 48 damage, and have 21/112 hp!
MASSIVE DAMAGE!!!!!!
You slice the balrug like a ripe choko!!!
The balrug is severely wounded!
You cut the sun demon into ribbons!!!
You are covered in liquid flames!!! * * * don't die
* * * You feel sick!
The sun demon hits you!!! * * * don't die
* * * You are engulfed in flames!!! rip

Action                   |  1- 3 |  4- 6 |  7- 9 | 10-12 || total
-------------------------+-------+-------+-------+-------++-------
Melee: War axe           |    53 |    89 |   266 |   123 ||   531
       Headbutt          |     5 |    14 |    47 |    87 ||   153
       Hand axe          |       |       |       |   228 ||   228
       Battleaxe         |       |       |       |    60 ||    60
       Unarmed           |       |       |       |     1 ||     1
Throw: Stone             |     2 |       |       |       ||     2
       Javelin           |       |    17 |    20 |    61 ||    98
       Tomahawk          |       |       |    17 |    13 ||    30
Invok: Divine Shield     |       |       |       |     1 ||     1
  Use: Scroll            |     3 |     2 |     5 |    14 ||    24
       Potion            |       |     1 |     5 |     1 ||     7
  Eat: Chunk             |       |     3 |    11 |    13 ||    27
       Ration            |       |       |     1 |       ||     1
Armor: Scale mail        |    22 |    33 |   119 |    38 ||   212
       Plate armour      |       |       |       |   165 ||   165
Dodge: Dodged            |    12 |    35 |   112 |   103 ||   262
Block: Shield            |    34 |    31 |   157 |   190 ||   412

Vault maps used:
D:1:      saegor_arrival_miasma
D:2:      chequers_ecumenical_altar_twisty, first_ration, serial_bayou_lagoon_b,
          uniq_sigmund
D:3:      uniq_grinder
D:5:      lemuel_crystal_altar, lemuel_crystal_altar, temple_fountains,
          uniq_prince_ribbit1
D:6:      lemuel_round_altar, nemelex_xobeh_ov_fountains_minmay,
          gammafunk_ghost_mausoleum, nicolae_qazlal_eye_of_the_storm,
          uniq_crazy_yiuf_cottage, uniq_edmund
D:7:      uniq_menkaure
D:8:      grunt_lair_entry_orc_guard_hut, serial_shops, nicolae_shop_stone
D:9:      hiddenorc1_lemuel, grunt_pizzeria, uniq_erica, uniq_pikel
D:10:     uniq_erolcha, uniq_joseph
D:12:     uniq_sonja
Temple:   compressed_dpeg_circular_temple

Notes
Turn   | Place    | Note
-------+----------+-------------------------------------------
     0 | D:1      | rlgrobin the Minotaur Fighter began the quest for the Orb.
     0 | D:1      | Reached XP level 1. HP: 19/19 MP: 0/0
    16 | D:1      | Upgraded the game from 0.22.0-49-gab54619 to
                  | 0.22.0-75-g3901e79
   383 | D:2      | Reached XP level 2. HP: 27/27 MP: 1/1
   479 | D:2      | Reached skill level 4 in Fighting
   487 | D:2      | Reached skill level 3 in Axes
   487 | D:2      | Reached skill level 4 in Armour
   487 | D:2      | Reached skill level 4 in Shields
   518 | D:2      | Found a faded altar of an unknown god.
   546 | D:2      | Noticed Sigmund
   559 | D:2      | Killed Sigmund
   559 | D:2      | Reached XP level 3. HP: 27/34 MP: 2/2
   559 | D:2      | Reached XP level 4. HP: 33/41 MP: 3/3
   559 | D:2      | Reached XP level 5. HP: 38/47 MP: 4/4
   798 | D:2      | Reached skill level 4 in Axes
  1408 | D:3      | Reached skill level 5 in Shields
  1427 | D:3      | Reached skill level 5 in Armour
  1467 | D:3      | Noticed Grinder
  1472 | D:3      | Paralysed by Grinder for 3 turns
  1478 | D:3      | Killed Grinder
  1478 | D:3      | Reached skill level 5 in Fighting
  1478 | D:3      | Reached XP level 6. HP: 43/56 MP: 5/5
  1891 | D:4      | Reached skill level 5 in Axes
  1891 | D:4      | Reached XP level 7. HP: 42/62 MP: 6/6
  2019 | D:4      | Reached skill level 1 in Throwing
  2064 | D:4      | Reached skill level 6 in Shields
  2351 | D:4      | Reached skill level 6 in Fighting
  2375 | D:4      | Reached skill level 6 in Armour
  2669 | D:5      | Entered Level 5 of the Dungeon
  2724 | D:5      | Reached skill level 2 in Throwing
  2735 | D:5      | Reached XP level 8. HP: 37/71 MP: 7/7
  3024 | D:5      | Reached skill level 6 in Axes
  3094 | D:5      | Found a hazy altar of Hepliaklqana.
  3246 | D:5      | Found a radiant altar of Vehumet.
  3453 | D:5      | Found a staircase to the Ecumenical Temple.
  3454 | D:5      | Noticed Prince Ribbit
  3486 | Temple   | Entered the Ecumenical Temple
  3570 | Temple   | Became a worshipper of the Shining One
  3607 | D:5      | Killed Prince Ribbit
  3607 | D:5      | Reached skill level 3 in Throwing
  3744 | D:6      | Noticed Edmund
  3753 | D:6      | Killed Edmund
  3753 | D:6      | Reached skill level 7 in Fighting
  3753 | D:6      | Reached skill level 7 in Armour
  3753 | D:6      | Reached skill level 7 in Shields
  3769 | D:6      | Found a transporter.
  3771 | D:6      | Noticed Hepliaklqana's ghost (novice MiFi)
  3774 | D:6      | Found a transporter.
  4148 | D:6      | Found a sparkling altar of Nemelex Xobeh.
  4427 | D:6      | Reached skill level 7 in Axes
  4468 | D:6      | Found a stormy altar of Qazlal.
  4633 | D:6      | Found a runed door.
  4698 | D:6      | Found an ornate altar of the Wu Jian Council.
  4836 | D:6      | Noticed Crazy Yiuf
  4841 | D:6      | Killed Crazy Yiuf
  4895 | D:6      | HP: 5/73 [something/vampiric draining (14)]
  4901 | D:6      | HP: 3/73 [something (3)]
  5177 | D:7      | Noticed Menkaure
  5202 | D:7      | Reached XP level 9. HP: 10/80 MP: 8/8
  5534 | D:7      | Reached * piety under the Shining One
  5696 | D:7      | Killed Menkaure
  5900 | D:7      | Reached skill level 8 in Fighting
  5900 | D:7      | Reached skill level 8 in Shields
  6062 | D:7      | Reached skill level 8 in Armour
  6191 | D:6      | Killed Hepliaklqana's ghost
  6191 | D:6      | Reached skill level 8 in Axes
  6299 | D:8      | Reached skill level 9 in Shields
  6301 | D:8      | Reached skill level 9 in Fighting
  6314 | D:8      | Reached skill level 9 in Armour
  6325 | D:8      | Found a staircase to the Lair.
  6347 | D:8      | Reached XP level 10. HP: 48/91 MP: 9/9
  6614 | D:8      | Reached ** piety under the Shining One
  6758 | D:8      | Reached skill level 9 in Axes
  6787 | D:8      | Found Zirphuq's Jewellery Emporium.
  6894 | D:9      | Noticed Pikel
  6912 | D:9      | Killed Pikel
  7631 | D:9      | Reached skill level 10 in Fighting
  7631 | D:9      | Reached skill level 10 in Shields
  7679 | D:9      | Noticed Erica
  7691 | D:9      | Killed Erica
  7691 | D:9      | Reached skill level 10 in Armour
  7864 | D:9      | Reached skill level 10 in Axes
  7929 | D:9      | Found a staircase to the Orcish Mines.
  8187 | D:10     | Entered Level 10 of the Dungeon
  8213 | D:10     | Noticed Joseph
  8225 | D:10     | Noticed an unseen horror
  8243 | D:10     | Killed an unseen horror
  8254 | D:10     | Reached XP level 11. HP: 96/101 MP: 10/10
  8266 | D:10     | Killed Joseph
  8377 | D:10     | Got a steaming tin ring
  8383 | D:10     | Identified the ring of Freedom {Wiz rPois Dex+3} (You found
                  | it on level 10 of the Dungeon)
  8483 | D:10     | Noticed Erolcha
  8489 | D:10     | Killed Erolcha
  8732 | D:11     | Reached skill level 11 in Fighting
  8732 | D:11     | Reached skill level 11 in Shields
  8745 | D:11     | Reached *** piety under the Shining One
  8754 | D:11     | Reached skill level 11 in Armour
  8758 | D:11     | Noticed an eight-headed hydra
  8777 | D:11     | Killed a one-headed hydra
  8784 | D:11     | Reached skill level 11 in Axes
  8891 | D:11     | Noticed an unseen horror
  8905 | D:11     | Killed an unseen horror
  8961 | D:11     | Noticed an unseen horror
  8967 | D:11     | Killed an unseen horror
  9101 | D:11     | Noticed an eight-headed hydra
  9112 | D:11     | Killed a four-headed hydra
  9560 | D:11     | Reached XP level 12. HP: 101/112 MP: 11/11
  9667 | D:11     | Reached skill level 12 in Fighting
  9772 | D:12     | Reached skill level 12 in Armour
 10153 | D:12     | Noticed Sonja
 10161 | D:12     | Cast into level 1 of the Abyss (Sonja)
 10195 | Abyss:1  | Noticed a great orb of eyes
 10205 | Abyss:1  | Killed a great orb of eyes
 10205 | Abyss:1  | Reached skill level 12 in Axes
 10225 | Abyss:1  | Noticed a balrug
 10233 | Abyss:1  | HP: 7/112 [sun demon[a balrug] (7)]
 10233 | Abyss:1  | Mangled by a sun demon

Vanquished Creatures
  A great orb of eyes (Abyss:1)
  Erolcha (D:10)
  2 hydras (D:11)
  Erica (D:9)
  3 unseen horrors
  The ghost of Hepliaklqana the Shield-Bearer, a novice MiFi (D:6)
  Pikel (D:9)
  A cyclops (D:12)
  A centaur zombie (D:10)
  An ugly thing (D:12)
  Joseph (D:10)
  A gargoyle (D:11)
  Prince Ribbit (D:5)
  2 trolls (D:11)
  Grinder (D:3)
  A hornet (D:11)
  2 hippogriffs
  2 meliai zombies (D:11)
  A shadow (D:11)
  A human (D:9)
  A vampire (D:6)
  8 yaks
  Sigmund (D:2)
  2 wyverns
  A wraith (D:11)
  Menkaure (D:7)
  Edmund (D:6)
  A porcupine (D:8)
  A necrophage (D:9)
  2 ice beasts
  5 orc warriors
  3 sky beasts
  A slave (D:9)
  2 black bears
  11 ogres
  2 eyes of draining
  10 centaurs
  A crocodile (D:12)
  2 big kobolds (D:9)
  10 bullfrogs
  2 scorpions
  A water moccasin skeleton (D:8)
  4 killer bees (D:11)
  5 wights (D:9)
  4 howler monkeys
  A crimson imp (D:7)
  Crazy Yiuf (D:6)
  2 jellies
  A quasit (D:8)
  5 orc priests
  3 hounds
  15 orc wizards
  3 bullfrog skeletons
  3 worker ants
  A hound skeleton (D:8)
  A worker ant zombie (D:5)
  3 howler monkey skeletons
  14 adders
  2 shadow imps
  3 worms (D:3)
  A dart slug (D:2)
  3 leopard geckos
  53 orcs
  3 giant cockroaches
  6 goblins
  5 hobgoblins
  19 jackals
  3 quokkas
  A ball python (D:2)
  4 bats
  6 frilled lizards
  A giant cockroach zombie (D:5)
  13 kobolds
  2 leopard gecko zombies
  A quokka skeleton (D:7)
  4 rats
  A fungus (D:8)
292 creatures vanquished.

Vanquished Creatures (others)
  A howler monkey (D:9)
  A hound (D:9)
  A bullfrog skeleton (D:9)
  A worker ant (D:6)
  2 orcs (D:9)
  A fungus (D:8)
7 creatures vanquished.

Grand Total: 299 creatures vanquished
